 Dungeon Crawl Stone Soup version 0.18-a0-1721-gc4d1f22 (webtiles) character file.

6517 Duffy the Geomancer (level 11, -1/79 HPs)
             Began as a Formicid Earth Elementalist on Apr 9, 2016.
             Was a High Priest of Cheibriados.
             Slain by a chaos spawn (2 damage)
             ... on level 2 of the Abyss.
             The game lasted 00:23:34 (12609 turns).

Duffy the Geomancer (Formicid Earth Elementalist)  Turns: 12609, Time: 00:23:35

Health: -1/79      AC:  5    Str: 25    XL:     11   Next: 20%
Magic:  7/17       EV: 18    Int: 26    God:    Cheibriados [*****.]
Gold:   511        SH:  0    Dex: 25    Spells: 4 memorised, 7 levels left

rFire  . . .     SeeInvis +     b - 228 stones
rCold  . . .     Gourm    .     k - +0 ring mail
rNeg   . . .     Faith    .     (no shield)
rPois  .         Spirit   .     (helmet unavailable)
rElec  .         Dismiss  .     (no cloak)
rCorr  .         Reflect  .     (no gloves)
SustAt .         Harm     .     (no boots)
MR     +....                    (no amulet)
Stlth  +++.......               L - ring of stealth
                                J - -2 ring of intelligence (curse)

@: non-regenerating, mildly diseased, very slow, somewhat resistant to hostile
enchantments, fairly stealthy
A: permanent stasis, dig shafts and tunnels, four strong arms, antennae 3
a: Dig, Shaft Self, Bend Time, Temporal Distortion, Slouch, Step From Time,
Renounce Religion


You were on level 2 of the Abyss.
You worshipped Cheibriados.
Cheibriados was extremely pleased with you.
You were not hungry.

You visited 2 branches of the dungeon, and saw 9 of its levels.
You visited the Abyss 1 time.

You collected 511 gold pieces.


Innate Abilities, Weirdness & Mutations

You are under a permanent stasis effect.
You can dig through walls and to a lower floor.
Your four strong arms can wield two-handed weapons with a shield.
You have a pair of large antennae on your head (SInv).


   Skills:
 - Level 5.0 Fighting
 - Level 8.0 Maces & Flails
 + Level 7.0 Dodging
 - Level 2.4 Stealth
 - Level 4.0 Spellcasting
 - Level 3.0 Conjurations
 - Level 1.2 Transmutations
 - Level 10.0 Earth Magic
 + Level 7.4 Invocations


You had 7 spell levels left.
You knew the following spells:

 Your Spells              Type           Power        Failure   Level  Hunger
a - Sandblast             Erth           ######       1%          1    None
c - Stone Arrow           Conj/Erth      #####.       2%          3    ##.....
l - Lee's Rapid Deconstr  Erth           ######....   8%          5    #####..
P - Passwall              Trmt/Erth      ####......   1%          2    None

Inventory:

Hand Weapons
 a - a +0 whip of electrocution
 p - a +2 dagger of protection
 D - a +0 great mace
Missiles
 b - 228 stones (in hand)
 n - 16 poisoned needles
 F - 3 needles of confusion
 H - 3 tomahawks (quivered)
Armour
 k - a +0 ring mail (worn)
 r - a +0 large shield
 N - a troll hide
 O - a cursed +0 chain mail
Magical Staves
 h - an uncursed staff of conjuration
Jewellery
 i - an uncursed ring of resist corrosion
 t - an uncursed ring of protection from cold
 J - a cursed -2 ring of intelligence (left hand)
 L - a ring of stealth (right hand)
Wands
 m - a wand of flame (9/48)
 C - a wand of flame (32/48)
 K - a wand of lightning (6/15)
 P - a wand of iceblast (5/15)
Scrolls
 e - 4 scrolls of remove curse
 f - 2 scrolls of fog {unknown}
 g - a scroll of amnesia {unknown}
 j - a scroll of enchant armour {unknown}
 v - 2 scrolls of fear {unknown}
 y - 2 scrolls of magic mapping {unknown}
 Q - a scroll of noise {unknown}
Potions
 q - a potion of brilliance
 s - 2 potions of cure mutation
 u - a potion of flight {unknown}
 w - a potion of lignification {unknown}
 z - 2 potions of heal wounds
 E - a potion of curing {unknown}
 I - a potion of magic {unknown}
Books
 c - a book of Geomancy
Comestibles
 d - 6 bread rations
 x - 2 meat rations
 A - 3 fruits
 B - 2 beef jerkies
 G - a slice of pizza

Dungeon Overview and Level Annotations

Branches:
Dungeon (8/15)             Temple (1/1) D:5
   Lair: D:8-11

Altars:
Ashenzari
Cheibriados
Elyvilon
Fedhas
Gozag
Kikubaaqudgha
Makhleb
Nemelex Xobeh
Okawaru
Pakellas
Qazlal
Ru
Sif Muna
Trog
Vehumet
Yredelemnul
Zin
The Shining One


Message History

You destroy the ancient zyme!
Cheibriados thoroughly appreciates the change of pace.
Your Invocations skill increases to level 7!
The sixfirhy misses you.
Cast which spell? (? or * to list)
Aiming: Sandblast
Press: ? - help, Shift-Dir - straight line, f - sixfirhy
Aim: a sixfirhy The rocky blast hits the sixfirhy.
The sixfirhy is heavily wounded.
The chaos spawn misses you.
Cast which spell? (? or * to list)
Aiming: Sandblast
Press: ? - help, Shift-Dir - straight line, f/p - sixfirhy
Aim: a sixfirhy (heavily wounded)
The rocky blast hits the sixfirhy.
The sixfirhy is almost dead.
The sixfirhy barely misses you. The chaos spawn barely misses you.
Cast which spell? (? or * to list)
Aiming: Sandblast
Press: ? - help, Shift-Dir - straight line, f/p - sixfirhy
Aim: a sixfirhy (almost dead)
The rocky blast hits the sixfirhy.
You kill the sixfirhy!
Cheibriados thoroughly appreciates the change of pace.
Your Dodging skill increases to level 7!
The chaos spawn barely misses you.
Cast which spell? (? or * to list)
Aiming: Sandblast
Press: ? - help, Shift-Dir - straight line, f - chaos spawn
Aim: a chaos spawn The rocky blast hits the chaos spawn.
The chaos spawn is moderately wounded.
The chaos spawn hits you.
You die...

. .# . #. #
###.. . # #..
#.. ### . q ..#.
..#.### #.. ## .
#...# ..
.#..####..##...#
#..# #...3....#
#...#..@#
#...##.# .
#..#.## ... # .
###.. ##.# # ###
# ## #


You could see a chaos spawn.

Action                   |  1- 3 |  4- 6 |  7- 9 | 10-12 || total
-------------------------+-------+-------+-------+-------++-------
Melee: Dagger            |       |    20 |     7 |       ||    27
       Whip              |       |       |    80 |   126 ||   206
 Cast: Sandblast         |    69 |   147 |   116 |    44 ||   376
       Stone Arrow       |       |     2 |    32 |    41 ||    75
       Lee's Rapid Decon |       |       |     1 |     1 ||     2
 Abil: Dig               |     2 |       |     3 |     3 ||     8
  Use: Scroll            |       |       |     8 |       ||     8
       Potion            |       |       |       |     3 ||     3
 Stab: Sleeping          |       |       |       |     1 ||     1
  Eat: Chunk             |     4 |     9 |    10 |     6 ||    29
       Fruit             |       |       |     2 |       ||     2
       Bread ration      |       |       |       |     1 ||     1

Notes
Turn   | Place    | Note
--------------------------------------------------------------
     0 | D:1      | Duffy the Formicid Earth Elementalist began the quest for the Orb.
     0 | D:1      | Reached XP level 1. HP: 13/13 MP: 3/3
   177 | D:1      | Reached XP level 2. HP: 10/19 MP: 0/5
   718 | D:1      | Reached skill level 4 in Earth Magic
   860 | D:1      | Reached XP level 3. HP: 24/24 MP: 5/7
   896 | D:1      | Reached skill level 3 in Spellcasting
  1523 | D:1      | Learned a level 2 spell: Passwall
  1527 | D:1      | Learned a level 3 spell: Stone Arrow
  1947 | D:2      | Noticed Terence
  1973 | D:2      | Killed Terence
  1973 | D:2      | Reached skill level 5 in Earth Magic
  1973 | D:2      | Reached XP level 4. HP: 30/30 MP: 4/8
  2982 | D:3      | Reached XP level 5. HP: 28/35 MP: 4/9
  3006 | D:3      | Noticed Robin
  3153 | D:2      | Killed Robin
  3153 | D:2      | Reached skill level 6 in Earth Magic
  3321 | D:3      | Noticed azaza322's ghost (amateur GrFi)
  3486 | D:3      | Found an oddly glowing altar of Pakellas.
  3486 | D:3      | Noticed an orange crystal statue
  3487 | D:3      | Noticed a wasp
  3492 | D:3      | Killed a wasp
  3787 | D:4      | Reached skill level 7 in Earth Magic
  3787 | D:4      | Reached XP level 6. HP: 37/41 MP: 5/10
  4357 | D:4      | Noticed an orc warrior
  4865 | D:4      | Noticed an ogre
  4871 | D:4      | Killed an ogre
  4871 | D:4      | Reached skill level 4 in Spellcasting
  4871 | D:4      | Reached XP level 7. HP: 46/46 MP: 8/13
  4992 | D:4      | Reached skill level 8 in Earth Magic
  5278 | D:5      | Entered Level 5 of the Dungeon
  5288 | D:5      | Reached skill level 1 in Conjurations
  5321 | D:5      | Noticed nubinia's ghost (novice DENe)
  5361 | D:5      | Killed nubinia's ghost
  5361 | D:5      | Reached skill level 2 in Conjurations
  5361 | D:5      | Reached XP level 8. HP: 52/52 MP: 7/14
  5413 | D:5      | Learned a level 5 spell: Lee's Rapid Deconstruction
  5430 | D:5      | Reached skill level 9 in Earth Magic
  5510 | D:5      | Found a staircase to the Ecumenical Temple.
  5522 | D:5      | Reached skill level 3 in Conjurations
  5528 | Temple   | Entered the Ecumenical Temple
  5635 | Temple   | Became a worshipper of Cheibriados the Contemplative
  5863 | D:5      | Reached skill level 1 in Fighting
  6026 | D:5      | Reached skill level 2 in Fighting
  6111 | D:5      | Reached * piety under Cheibriados
  6295 | D:5      | Reached skill level 3 in Fighting
  6730 | D:6      | Reached skill level 10 in Earth Magic
  6863 | D:6      | Reached skill level 1 in Maces & Flails
  6863 | D:6      | Reached skill level 2 in Dodging
  6881 | D:6      | Found an opulent altar of Gozag.
  6885 | D:6      | Found a stormy altar of Qazlal.
  6887 | D:6      | Found a white marble altar of Elyvilon.
  7268 | D:6      | Reached skill level 2 in Maces & Flails
  7268 | D:6      | Reached XP level 9. HP: 65/65 MP: 13/15
  7399 | D:6      | Reached skill level 4 in Fighting
  7401 | D:6      | Reached skill level 3 in Maces & Flails
  7409 | D:6      | Reached ** piety under Cheibriados
  7578 | D:6      | Reached skill level 3 in Dodging
  8345 | D:6      | Reached skill level 4 in Maces & Flails
  8787 | D:6      | Reached skill level 5 in Fighting
  9078 | D:7      | Found an ancient bone altar of Kikubaaqudgha.
  9085 | D:7      | Reached *** piety under Cheibriados
  9149 | D:7      | Reached skill level 5 in Maces & Flails
  9516 | D:7      | Reached skill level 6 in Maces & Flails
  9875 | D:7      | Reached skill level 7 in Maces & Flails
  9875 | D:7      | Reached XP level 10. HP: 74/74 MP: 9/16
 10077 | D:7      | Reached skill level 8 in Maces & Flails
 10220 | D:3      | Noticed Natasha
 10224 | D:3      | Killed Natasha
 10260 | D:3      | Noticed Natasha
 10274 | D:3      | Killed Natasha
 10303 | D:3      | Killed azaza322's ghost
 10303 | D:3      | Reached skill level 1 in Invocations
 10582 | D:3      | Found a basalt altar of Yredelemnul.
 10632 | D:3      | Noticed Natasha
 10643 | D:3      | Killed Natasha
 10714 | D:3      | Reached **** piety under Cheibriados
 10935 | D:8      | Reached skill level 4 in Dodging
 10978 | D:8      | Reached skill level 2 in Invocations
 11155 | D:8      | Reached skill level 3 in Invocations
 11456 | D:8      | Reached skill level 5 in Dodging
 11539 | D:8      | Reached skill level 4 in Invocations
 11640 | D:8      | Reached ***** piety under Cheibriados
 11921 | D:8      | Noticed a kobold demonologist
 11940 | D:8      | Reached skill level 5 in Invocations
 11988 | D:8      | Cast into level 2 of the Abyss (chaos spawn)
 12157 | Abyss:2  | Noticed a giant orange brain
 12161 | Abyss:2  | Killed a giant orange brain
 12161 | Abyss:2  | Reached skill level 6 in Dodging
 12305 | Abyss:2  | Reached skill level 6 in Invocations
 12305 | Abyss:2  | Reached XP level 11. HP: 69/79 MP: 4/17
 12351 | Abyss:2  | Noticed a large abomination
 12429 | Abyss:2  | Noticed a sixfirhy
 12596 | Abyss:2  | Noticed a yellow draconian zealot
 12605 | Abyss:2  | Reached skill level 7 in Invocations
 12608 | Abyss:2  | Killed a sixfirhy
 12608 | Abyss:2  | Reached skill level 7 in Dodging
 12609 | Abyss:2  | Slain by a chaos spawn

Vault maps used:
D:1:      dpeg_arrival_morbid_curiosity
D:2:      kennysheep_big_empty_room, corexii_shack, uniq_terence
D:3:      nicolae_overflow_crystal_walls, gammafunk_pakellas_statue_experiment,
          first_bread, uniq_robin, uniq_natasha
D:4:      guppyfry_early_orc_mine
D:5:      minmay_temple_entry_mist, minmay_misc_feat_iff
D:6:      grunt_temple_overflow_open, hangedman_glass_teeth,
          minmay_misc_feat_encased
D:7:      basic_altar
Temple:   circular_temple_12

Vanquished Creatures
  A giant orange brain
  A sixfirhy
  An ancient zyme
  The ghost of nubinia the Reanimator, a novice DENe
  A troll
  2 small abominations
  A ynoxinul
  A shadow
  2 hungry ghosts
  A large abomination
  An orc warrior
  An ice beast
  A phantom
  2 sky beasts
  2 wasps
  7 ogres
  A centaur
  The ghost of azaza322 the Shield-Bearer, an amateur GrFi
  2 big kobolds
  6 giant frogs
  4 scorpions
  6 wights
  7 killer bees
  2 giant frog zombies
  3 crimson imps
  A centaur zombie
  5 hounds
  3 jellies
  5 orc priests
  7 orc wizards
  2 centaur skeletons
  A gnoll shaman Natasha (thrice)
  Terence
  9 worker ants
  A hound skeleton
  A howler monkey zombie Robin
  9 gnolls
  5 adders
  3 worms
  2 adder skeletons
  2 adder zombies
  3 dart slugs
  6 giant geckos
  24 orcs
  7 giant cockroaches
  19 goblins
  12 hobgoblins
  14 jackals
  13 kobolds
  5 quokkas
  3 ball pythons
  5 bats
  A giant gecko skeleton
  3 giant newts
  8 rats
242 creatures vanquished.
